[ AOE2 MATCH · #506134599 ]
UnrankedBurgundians vs Burmese
Player's team · LOSS
Rival team · WIN
[ REPLAY ANALYSIS · EXTRACTED FROM THE RECORDED GAME ]
Feudal
9:16
Castle
—
Imperial
—
| APM avg | 88.0 |
| APM peak | 114 |
| eAPM avg | 39.0 |
| Villagers / military | 35 / 16 |
Focus
⚔️ 46.8% · 🌾 53.2%
Archer ×8 · Scout Cavalry ×8
Feudal
8:50
Castle
—
Imperial
—
| APM avg | 79.5 |
| APM peak | 107 |
| eAPM avg | 41.9 |
| Villagers / military | 42 / 16 |
Focus
⚔️ 64.8% · 🌾 35.2%
Skirmisher ×12 · Militia ×4
Match map
Initial resources + every placement click. Lines = walls · curves = elevation contours. ◆ gold · ⬟ stone · ● berries · ✦ relic · ◌ wall gap
Your base· Open — unwalled flank
SalzZ_wide's base· Open — unwalled flank
Smoothed initial terrain · ◌ = detected wall gap · hover for details
Inputs per minute
— DS_Twigg - - SalzZ_wide
Build order — DS_Twigg
106 actions detected in the replay
| 0:00 | Queue | Villager (Male) ×4 |
| 0:02 | Build | House |
| 0:02 | Build | House |
| 1:32 | Queue | Villager (Male) |
| 1:33 | Queue | Villager (Male) |
| 1:59 | Queue | Villager (Male) |
| 2:11 | Queue | Villager (Male) |
| 2:26 | Build | Lumber Camp |
| 2:52 | Queue | Villager (Male) |
| 3:16 | Queue | Villager (Male) |
| 3:29 | Research | Double-Bit Axe |
| 3:29 | Research | Double-Bit Axe |
| 3:42 | Build | House |
| 3:43 | Queue | Villager (Male) |
| 3:57 | Queue | Villager (Male) |
| 3:57 | Queue | Villager (Male) |
| 4:26 | Queue | Villager (Male) |
| 4:28 | Build | Palisade Wall |
| 4:31 | Queue | Villager (Male) |
| 5:22 | Queue | Villager (Male) |
| 5:44 | Queue | Villager (Male) |
| 5:55 | Build | Mining Camp |
| 6:07 | Queue | Villager (Male) |
| 6:17 | Research | Loom |
| 6:57 | Research | Feudal Age |
| 7:10 | Build | Palisade Wall |
| 7:40 | Build | House |
| 8:05 | Build | Barracks |
| 8:10 | Queue | Villager (Male) |
| 8:17 | Build | Palisade Wall |
| 8:37 | Queue | Villager (Male) |
| 8:57 | Build | Palisade Wall |
| 9:00 | Build | Palisade Wall |
| 9:01 | Build | Palisade Wall |
| 9:04 | Build | Palisade Wall |
| 9:10 | Queue | Villager (Male) |
| 9:16 | Age | Feudal Age |
| 9:17 | Build | Palisade Wall |
| 9:19 | Queue | Villager (Male) |
| 9:19 | Research | Town Watch |
| 9:23 | Build | Palisade Wall |
| 9:27 | Build | House |
| 9:42 | Build | Archery Range |
| 9:58 | Build | Palisade Wall |
| 10:01 | Build | Palisade Wall |
| 10:23 | Queue | Archer |
| 10:23 | Queue | Archer |
| 10:36 | Build | Mill |
| 10:38 | Queue | Villager (Male) |
| 10:44 | Build | House |
| 10:46 | Build | Palisade Wall |
| 11:00 | Build | Palisade Wall |
| 11:06 | Build | Farm |
| 11:07 | Build | Farm |
| 11:09 | Build | Farm |
| 11:10 | Queue | Archer |
| 11:11 | Queue | Villager (Male) |
| 11:12 | Build | Farm |
| 11:22 | Build | House |
| 11:26 | Build | Blacksmith |
| 11:33 | Build | Palisade Wall |
| 11:36 | Queue | Villager (Male) |
| 11:38 | Build | Farm |
| 11:38 | Build | Farm |
| 11:46 | Queue | Archer |
| 11:59 | Queue | Villager (Male) |
| 12:13 | Build | Palisade Wall |
| 12:22 | Queue | Villager (Male) |
| 12:23 | Build | House |
| 12:26 | Build | Palisade Wall |
| 12:30 | Queue | Villager (Male) |
| 12:33 | Build | Stable |
| 12:38 | Build | Palisade Wall |
| 12:43 | Build | Palisade Wall |
| 12:49 | Build | Farm |
| 12:49 | Queue | Archer |
| 13:05 | Queue | Villager (Male) |
| 13:18 | Queue | Villager (Male) |
| 13:20 | Build | Farm |
| 13:21 | Build | Farm |
| 13:36 | Queue | Scout Cavalry |
| 13:39 | Build | Farm |
| 13:53 | Queue | Archer |
| 13:59 | Build | Farm |
| 14:05 | Queue | Scout Cavalry |
| 14:06 | Queue | Villager (Male) |
| 14:17 | Build | Farm |
| 14:23 | Queue | Villager (Male) |
| 14:38 | Queue | Scout Cavalry |
| 14:42 | Build | Farm |
| 14:58 | Queue | Archer |
| 14:59 | Queue | Scout Cavalry |
| 15:10 | Queue | Villager (Male) |
| 15:15 | Build | Farm |
| 15:15 | Build | Farm |
| 15:17 | Queue | Archer |
| 15:25 | Build | Palisade Wall |
| 15:31 | Queue | Scout Cavalry |
| 15:40 | Build | Farm |
| 15:42 | Queue | Villager (Male) |
| 15:42 | Queue | Villager (Male) |
| 15:44 | Build | House |
| 16:23 | Queue | Scout Cavalry |
| 16:29 | Queue | Scout Cavalry |
| 16:37 | Queue | Scout Cavalry |
| 16:40 | Build | Farm |
Build order — SalzZ_wide
100 actions detected in the replay
| 0:00 | Queue | Villager (Male) |
| 0:01 | Queue | Villager (Male) |
| 0:01 | Queue | Villager (Male) |
| 0:01 | Queue | Villager (Male) |
| 0:02 | Build | House |
| 0:04 | Build | House |
| 1:25 | Queue | Villager (Male) |
| 1:52 | Build | Lumber Camp |
| 1:57 | Queue | Villager (Male) |
| 1:57 | Queue | Villager (Male) |
| 2:09 | Queue | Villager (Male) |
| 2:10 | Queue | Villager (Male) |
| 2:29 | Queue | Villager (Male) |
| 3:13 | Queue | Villager (Male) |
| 3:22 | Queue | Villager (Male) |
| 3:22 | Queue | Villager (Male) |
| 3:45 | Build | House |
| 3:46 | Build | House |
| 3:52 | Queue | Villager (Male) |
| 4:03 | Queue | Villager (Male) |
| 4:50 | Queue | Villager (Male) |
| 5:11 | Build | Barracks |
| 5:13 | Queue | Villager (Male) |
| 5:13 | Queue | Villager (Male) |
| 5:13 | Research | Loom |
| 6:36 | Research | Feudal Age |
| 6:36 | Research | Feudal Age |
| 6:55 | Queue | Militia |
| 6:55 | Queue | Militia |
| 6:56 | Build | Mining Camp |
| 7:16 | Queue | Militia |
| 7:35 | Queue | Militia |
| 8:11 | Build | House |
| 8:23 | Queue | Villager (Male) |
| 8:50 | Age | Feudal Age |
| 8:53 | Research | Man-at-Arms (upgrade) |
| 9:03 | Queue | Villager (Male) |
| 9:07 | Queue | Villager (Male) |
| 9:14 | Build | Archery Range |
| 9:28 | Build | Palisade Wall |
| 9:29 | Queue | Villager (Male) |
| 9:35 | Build | Mill |
| 9:44 | Queue | Villager (Male) |
| 10:15 | Build | House |
| 10:21 | Queue | Skirmisher |
| 10:21 | Queue | Skirmisher |
| 10:29 | Build | House |
| 10:30 | Build | Palisade Wall |
| 10:35 | Build | Farm |
| 10:39 | Build | Farm |
| 10:39 | Build | Farm |
| 10:46 | Build | Farm |
| 10:50 | Queue | Villager (Male) |
| 11:05 | Queue | Skirmisher |
| 11:06 | Queue | Skirmisher |
| 11:12 | Build | Farm |
| 11:20 | Build | Farm |
| 11:25 | Queue | Villager (Male) |
| 11:26 | Queue | Villager (Male) |
| 11:42 | Queue | Skirmisher |
| 11:50 | Build | Farm |
| 11:55 | Queue | Villager (Male) |
| 12:05 | Queue | Skirmisher |
| 12:09 | Build | Palisade Wall |
| 12:10 | Build | Palisade Wall |
| 12:16 | Queue | Skirmisher |
| 12:33 | Queue | Skirmisher |
| 12:34 | Queue | Villager (Male) |
| 12:34 | Queue | Villager (Male) |
| 12:36 | Build | Farm |
| 12:52 | Queue | Villager (Male) |
| 13:09 | Build | Blacksmith |
| 13:11 | Queue | Villager (Male) |
| 13:22 | Queue | Skirmisher |
| 13:33 | Queue | Villager (Male) |
| 13:39 | Build | House |
| 13:39 | Build | House |
| 13:56 | Queue | Villager (Male) |
| 13:56 | Queue | Skirmisher |
| 13:58 | Build | Farm |
| 13:59 | Build | Farm |
| 14:01 | Build | House |
| 14:06 | Research | Fletching |
| 14:07 | Queue | Villager (Male) |
| 14:22 | Queue | Villager (Male) |
| 14:24 | Build | Palisade Wall |
| 14:31 | Queue | Villager (Male) |
| 14:32 | Build | House |
| 14:41 | Queue | Skirmisher |
| 15:04 | Queue | Villager (Male) |
| 15:21 | Build | House |
| 15:22 | Build | House |
| 15:23 | Queue | Villager (Male) |
| 15:27 | Build | Palisade Wall |
| 15:34 | Queue | Villager (Male) |
| 15:38 | Build | Lumber Camp |
| 15:49 | Queue | Villager (Male) |
| 16:04 | Queue | Skirmisher |
| 16:21 | Queue | Villager (Male) |
| 16:43 | Queue | Villager (Male) |
Match timeline
| 4:28 | DS_Twigg · wall_segment Palisade Wall x2 |
| 5:11 | SalzZ_wide · first_building Barracks |
| 7:10 | DS_Twigg · wall_segment Palisade Wall x3 |
| 8:05 | DS_Twigg · first_building Barracks |
| 8:17 | DS_Twigg · wall_segment Palisade Wall x7 |
| 8:50 | SalzZ_wide · age_up feudal |
| 8:57 | DS_Twigg · wall_segment Palisade Wall x1 |
| 9:00 | DS_Twigg · wall_segment Palisade Wall x1 |
| 9:01 | DS_Twigg · wall_segment Palisade Wall x1 |
| 9:04 | DS_Twigg · wall_segment Palisade Wall x1 |
| 9:14 | SalzZ_wide · first_building Archery Range |
| 9:16 | DS_Twigg · age_up feudal |
| 9:17 | DS_Twigg · wall_segment Palisade Wall x1 |
| 9:23 | DS_Twigg · wall_segment Palisade Wall x1 |
| 9:28 | SalzZ_wide · wall_segment Palisade Wall x1 |
| 9:42 | DS_Twigg · first_building Archery Range |
| 9:58 | DS_Twigg · wall_segment Palisade Wall x1 |
| 10:01 | DS_Twigg · wall_segment Palisade Wall x1 |
| 10:30 | SalzZ_wide · wall_segment Palisade Wall x5 |
| 10:46 | DS_Twigg · wall_segment Palisade Wall x1 |
| 11:00 | DS_Twigg · wall_segment Palisade Wall x1 |
| 11:33 | DS_Twigg · wall_segment Palisade Wall x5 |
| 12:09 | SalzZ_wide · wall_segment Palisade Wall x1 |
| 12:10 | SalzZ_wide · wall_segment Palisade Wall x11 |
| 12:13 | DS_Twigg · wall_segment Palisade Wall x1 |
| 12:26 | DS_Twigg · wall_segment Palisade Wall x1 |
| 12:33 | DS_Twigg · first_building Stable |
| 12:38 | DS_Twigg · wall_segment Palisade Wall x1 |
| 12:43 | DS_Twigg · wall_segment Palisade Wall x1 |
| 14:24 | SalzZ_wide · wall_segment Palisade Wall x6 |
| 15:25 | DS_Twigg · wall_segment Palisade Wall x1 |
| 15:27 | SalzZ_wide · wall_segment Palisade Wall x12 |
| 16:49 | DS_Twigg · resign |
[ AI ANALYSIS · 1 CREDIT ]
What really happened in this match?
Wolo.gg analyzes every decision: build order, eco, micro, common mistakes by bracket. Personalized analysis on WhatsApp or Discord in 30 seconds.
Civ guide
Burgundians
Perfil
Jugador #2621722